 Dungeon Sprint DCSS version 0.28.0-43-g3370ac3207 (webtiles) character file.

Game seed: 7446036420184738665

810 boopmooplesden the Carver (level 7, -2/77 HPs)
             Began as a Minotaur Berserker on Mar 8, 2022.
             Was an Elder of Trog.
             Slain by a boulder beetle (11 damage)
             ... in the Dungeon (Sprint II: "The Violet Keep of Menkaure").
             The game lasted 00:02:06 (614 turns).

boopmooplesden the Carver (Minotaur Berserker)       Turns: 614, Time: 00:02:07

Health: -2/77      AC: 10    Str: 23    XL:     7   Next: 61%
Magic:  0/6        EV: 12    Int:  4    God:    Trog [****..]
Gold:   4          SH:  0    Dex: 12    Spells: 6/6 levels left

rFire   . . .      SeeInvis .   d - +3 spear of the Toadstool {flame, rPois rC+ rCorr}
rCold   + . .      Faith    .   (no shield)
rNeg    + . .      Spirit   +   c - +3 scale mail of the Gusle {rN+ Dex+2 Slay+4 Stlth-}
rPois   +          Reflect  .   (helmet restricted)
rElec   .          Harm     .   (no cloak)
rCorr   +          Rampage  .   (no gloves)
Will    .....      NoTele   +   (no boots)
Stlth   ..........              i - amulet of guardian spirit
HPRegen 0.22/turn               (no ring)
MPRegen 0.10/turn               (no ring)

@: on berserk cooldown, slowed, very slow
A: horns 2, retaliatory headbutt, no potion heal 1, subdued magic 1
a: Renounce Religion, Berserk, Trog's Hand, Brothers in Arms


You were in the Dungeon.
You worshipped Trog.
Trog was greatly pleased with you.
You visited 1 branch You collected 486 gold pieces.
You spent 482 gold pieces at shops.

Inventory:

Hand Weapons
 a - a +0 falchion
 d - the +3 spear of the Toadstool (weapon) {flame, rPois rC+ rCorr}
   (You bought it in a shop in the Dungeon)

   It burns those it strikes, dealing additional fire damage.
   rC:        It protects you from cold.
   rPois:     It protects you from poison.
   rCorr:     It protects you from acid and corrosion.
Armour
 b - a +0 animal skin
 c - the +3 scale mail of the Gusle (worn) {rN+ Dex+2 Slay+4 Stlth-}
   (You bought it in a shop in the Dungeon)

   Dex:       It affects your dexterity (+2).
   Slay:      It affects your accuracy & damage with ranged weapons and melee
   (+4).
   rN:        It protects you from negative energy.
   Stlth:     It makes you less stealthy.
Jewellery
 i - an amulet of guardian spirit (around neck)
Scrolls
 h - a scroll of blinking
Potions
 e - a potion of haste
 f - 2 potions of magic
 g - a potion of berserk rage


   Skills:
 + Level 12.0 Fighting
 + Level 13.8 Long Blades
 + Level 6.0 Armour
 + Level 7.3 Dodging


You had 6 spell levels left.
You didn't know any spells.
Your spell library was empty.

Dungeon Overview and Level Annotations

Branches:
Dungeon (1/1)

Altars:

Shops:
D ([:[?:!:((*?=!=

Annotations:
D exclusion: oklob plant


Innate Abilities, Weirdness & Mutations

You have a pair of horns on your head.
You reflexively headbutt those who attack you in melee.
Potions are less effective at restoring your health.
Your spells are a little easier to cast, but a little less powerful.


Message History

i - an amulet of guardian spirit (around neck)
There is an open door here.
You enter the shallow water.
Moving in this stuff is going to be slow.
You open the door. The boulder beetle bites you!!
There is an open door, spattered with blood here.
A red film seems to cover your vision as you go berserk!
You feel yourself moving faster!
You feel mighty! The boulder beetle bites you!
You puncture the boulder beetle! You burn the boulder beetle.
You headbutt the boulder beetle!
The boulder beetle is moderately wounded.
The boulder beetle bites you!!
You hit the boulder beetle but do no damage.
The boulder beetle is moderately wounded.
The boulder beetle bites you but does no damage.
You puncture the boulder beetle! You burn the boulder beetle.
The boulder beetle is heavily wounded.
You hit the boulder beetle but do no damage.
The boulder beetle is heavily wounded.
The boulder beetle bites you!!
* * * LOW HITPOINT WARNING * * *
You hit the boulder beetle but do no damage.
The boulder beetle is heavily wounded.
The boulder beetle bites you!
* * * LOW HITPOINT WARNING * * *
You hit the boulder beetle but do no damage.
The boulder beetle is heavily wounded.
The boulder beetle leaps!
You feel a strong urge to attack something.
The boulder beetle leaps!
You slam the door shut with a bang!
You feel your anger nearly subside.
You are no longer berserk.
You are exhausted.
You feel yourself slow down.
The walls and floor vibrate strangely for a moment.
The boulder beetle curls into a ball and begins rolling!
Unknown command.
The boulder beetle hits you!
You die...

############≈≈#+++#
###########≈≈≈....
##.......∩#≈≈≈≈.##+##
##∩.....∩.#≈≈≈≈###..##
##.∩.....∩#≈≈≈≈#.##..#
##∩.∩.∩.∩.#≈≈####.#.##
##.∩.∩.∩..#≈##.###'##
##..∩.∩...#≈#$..##○##
##...⌠....°≈+###@B<.+
.#
##........#≈#...##.##
...
#▓▓▓▓▓▓▓###≈##.###'#
#...
##?GE######≈≈####.####
#≈≈.. #$(G#G
##≈≈≈#○##..#≈§§≈≈≈
#∩P?+.$
#'#≈##...##≈§≈≈≈§
#(..#!#
#(#≈≈##+##≈≈≈≈≈≈≈ #".
####≈≈≈≈≈≈≈≈≈≈≈§≈
#+++#+++#≈≈≈§≈


You could see a boulder beetle (rolling).

Vanquished Creatures
  4 neqoxecs (D)
  A vampire mosquito (D)
  Menkaure (D)
  A water moccasin (D)
  3 worms (D)
10 creatures vanquished.

Notes
Turn   | Place    | Note
-------+----------+-------------------------------------------
     0 | D        | boopmooplesden the Minotaur Berserker began the quest for
                  | the Orb.
     0 | D        | Reached XP level 1. HP: 19/19 MP: 0/0
    13 | D        | Reached skill level 4 in Long Blades
    22 | D        | Reached ** piety under Trog
    23 | D        | Reached XP level 2. HP: 13/28 MP: 1/1
   185 | D        | Noticed a neqoxec
   187 | D        | Gained mutation: Your spells are a little easier to cast,
                  | but a little less powerful. [a neqoxec]
   190 | D        | Killed a neqoxec
   191 | D        | Reached skill level 8 in Long Blades
   191 | D        | Reached XP level 3. HP: 40/40 MP: 2/2
   191 | D        | Reached XP level 4. HP: 48/48 MP: 3/3
   191 | D        | Reached XP level 5. HP: 53/53 MP: 4/4
   192 | D        | Noticed a neqoxec
   193 | D        | Noticed a neqoxec
   193 | D        | Noticed a neqoxec
   195 | D        | Killed a neqoxec
   196 | D        | Reached skill level 10 in Long Blades
   196 | D        | Reached skill level 5 in Dodging
   197 | D        | Gained mutation: Potions are less effective at restoring
                  | your health. [a neqoxec]
   200 | D        | Killed a neqoxec
   200 | D        | Reached *** piety under Trog
   201 | D        | Reached skill level 10 in Fighting
   201 | D        | Reached skill level 11 in Long Blades
   201 | D        | Reached skill level 5 in Armour
   201 | D        | Reached XP level 6. HP: 67/67 MP: 5/5
   205 | D        | Killed a neqoxec
   206 | D        | Reached skill level 12 in Long Blades
   206 | D        | Reached XP level 7. HP: 74/74 MP: 6/6
   214 | D        | Noticed a boulder beetle
   214 | D        | Noticed a boulder beetle
   226 | D        | Noticed a flying skull
   226 | D        | Noticed a flying skull
   226 | D        | Noticed a flying skull
   226 | D        | Noticed a flying skull
   226 | D        | Noticed a flying skull
   226 | D        | Noticed a flying skull
   227 | D        | Noticed a flying skull
   227 | D        | Noticed a flying skull
   227 | D        | Noticed a flying skull
   227 | D        | Noticed a flying skull
   229 | D        | Noticed a flying skull
   231 | D        | Noticed a flying skull
   524 | D        | Found Sogomyss's Assorted Antiques.
   525 | D        | Found Meympo's Antique Weapon Emporium.
   525 | D        | Found Zaetiuz's Antique Weapon Shoppe.
   526 | D        | Noticed a vampire mosquito
   529 | D        | Killed a vampire mosquito
   530 | D        | Reached skill level 13 in Long Blades
   533 | D        | Found Fuudox's Book Shoppe.
   533 | D        | Found Galagho's Jewellery Emporium.
   534 | D        | Found Juorch's Jewellery Emporium.
   535 | D        | Found Tixzul's Distillery.
   535 | D        | Found Nousse's Book Emporium.
   535 | D        | Found Zemn's Magic Scroll Shoppe.
   536 | D        | Found Fudduugh's Distillery.
   538 | D        | Found Vyixt's Magic Scroll Emporium.
   538 | D        | Found Ibreg's Antique Armour Shoppe.
   538 | D        | Noticed Menkaure
   538 | D        | Noticed an iron elemental
   538 | D        | Noticed an oklob plant
   543 | D        | Killed Menkaure
   543 | D        | Reached **** piety under Trog
   551 | D        | Found Zehod's Antique Armour Shoppe.
   551 | D        | Found Juiqoy's Book Shoppe.
   551 | D        | Found Ramoeh's Antique Weapon Emporium.
   552 | D        | Noticed a shining eye
   552 | D        | Noticed a shining eye
   553 | D        | Noticed a shining eye
   563 | D        | Bought an ichor-stained scale mail for 180 gold pieces
   563 | D        | Identified the +3 scale mail of the Gusle {rN+ Dex+2 Slay+4
                  | Stlth-} (You bought it in a shop in the Dungeon)
   574 | D        | Noticed a great orb of eyes
   580 | D        | Bought a fine spear for 192 gold pieces
   580 | D        | Identified the +3 spear of the Toadstool {flame, rPois rC+
                  | rCorr} (You bought it in a shop in the Dungeon)
   590 | D        | Bought a square diamond amulet for 110 gold pieces
   614 | D        | Slain by a boulder beetle

Illustrated notes

Levels and vault maps discovered:
D:        the_violet_keep_of_menkaure [sprint2_stairs_cluster_1,
          sprint2_shoproom, sprint2_temple, sprint2_basic_supplies,
          sprint2_obstacle_1, sprint2_obstacle_4, sprint2_obstacle_3,
          sprint2_obstacle_6, sprint2_obstacle_2, sprint2_timed_cluster_1,
          sprint2_smallroom_cluster_1, sprint2_smallroom_final_cluster_1,
          sprint2_transparent_cluster_1, sprint2_second_timed_cluster_1,
          sprint2_sniper_area_1, sprint2_heavy_combat_area_1,
          sprint2_mutation_trap_area_1, sprint2_forest_area_1,
          sprint2_light_combat_area_1, sprint2_behind_water_1,
          sprint2_near_end_vault_1]

Skill      XL: |  1  2  3  4  5  6  7 |
---------------+----------------------+-----
Fighting       | 4 7 10 11 12 | 12.0
Long Blades    | 4 8 11 12 13 | 13.8
Armour         | 4 5 6 |  6.0
Dodging        | 4 6 7 |  7.3

Action                   |  1- 3 |  4- 6 |  7- 9 || total
-------------------------+-------+-------+-------++-------
Melee: Falchion          |    20 |    12 |    12 ||    44
       Headbutt          |     4 |     3 |     5 ||    12
       Spear             |       |       |     6 ||     6
Invok: Berserk           |     1 |       |     2 ||     3
  Use: Potion            |       |       |     2 ||     2
Armor: Animal skin       |     2 |       |     1 ||     3
       Scale mail        |       |       |     1 ||     1
Dodge: Dodged            |     7 |     2 |    12 ||    21
